 Dungeon Crawl Stone Soup version 0.19-a0-1888-g6ba2374 (webtiles) character file.

620 Cirk the Slasher (level 7, -5/49 HPs)
             Began as a High Elf Gladiator on Oct 16, 2016.
             Slain by a hound (6 damage)
             ... on level 3 of the Dungeon.
             The game lasted 00:07:47 (5357 turns).

Cirk the Slasher (High Elf Gladiator)               Turns: 5357, Time: 00:07:47

Health: -5/49      AC:  4    Str: 14    XL:     7   Next: 22%
Magic:  8/8        EV: 15    Int: 12    God:
Gold:   107        SH:  0    Dex: 18    Spells: 0 memorised, 6 levels left

rFire  . . .     SeeInvis .     a - +1 long sword
rCold  . . .     Gourm    .     b - +0 leather armour
rNeg   . . .     Faith    .     (no shield)
rPois  .         Spirit   .     c - +0 helmet
rElec  .         Dismiss  .     (no cloak)
rCorr  .         Reflect  .     (no gloves)
MR     .....     Harm     .     (no boots)
Stlth  +.........               (no amulet)
                                (no ring)
                                (no ring)

@: lethally poisoned (-5 -> -6)
A: no striking features
a: no special abilities


You were on level 3 of the Dungeon.
You were near starving.

You visited 1 branch of the dungeon, and saw 4 of its levels.

You collected 204 gold pieces.
You spent 97 gold pieces at shops.

Inventory:

Hand Weapons
 a - a +1 long sword (weapon)
Armour
 b - a +0 leather armour (worn)
 c - a +0 helmet (worn)
Jewellery
 j - an uncursed ring of flight
 m - an uncursed ring of protection from fire {unknown}
Wands
 r - a wand of acid (0/15)
Scrolls
 d - a scroll of blinking
 e - 3 scrolls of remove curse
 g - 2 scrolls of teleportation
Potions
 k - a potion of cure mutation
Books
 p - a book of Changes

   Spells                             Type                      Level
   a - Beastly Appendage              Transmutation                1
   b - Sticks to Snakes               Transmutation                2
   c - Spider Form                    Transmutation/Poison         3
   d - Ice Form                       Ice/Transmutation            4
   e - Blade Hands                    Transmutation                5
Comestibles
 f - 2 bread rations
 h - a slice of pizza
 i - 2 meat rations
 l - 2 royal jellies


   Skills:
 + Level 4.3 Fighting
 * Level 7.5 Long Blades
 - Level 2.0 Throwing
 + Level 5.4 Dodging


You had 6 spell levels left.
You didn't know any spells.

Dungeon Overview and Level Annotations

Branches:
Dungeon (4/15)
 Temple: D:4-7

Altars:
Elyvilon

Shops:
D:4 *


Message History

Unknown command.
You hit the hound but do no damage.
The hound is heavily wounded.
You feel sick.
The hound pauses to sniff the ground.
The hound barely misses you.
You riposte.
You hit the hound.
The hound is almost dead.
The hound bites you.
* * * LOW HITPOINT WARNING * * *
You closely miss the hound.
The hound is almost dead.
The hound bites you.
* * * LOW HITPOINT WARNING * * *
Unknown command.
You barely miss the hound.
The hound is almost dead.
The hound bites you.
* * * LOW HITPOINT WARNING * * *
The hound bites you.
You die...

#.##.# #.#<#####.#...#
#.##.# #.#.#.........#
##<.#.###.#.#.###.#.#.#
.....(.##.#.#.#<#.#.#.#
.......##.#.#...#.#.#.#
.......÷............#.#
#...###.#.#.......###.#
≈...≈≈#.#.###########.#
..♣..≈#.#.# #...@h....#
........#.# #.#########
♣._.♣...#.# #...#
........#.#####.#
..♣..≈#.#.....#.#########
≈...≈≈#.#####.#.........#
#...###.#####.########.##
...........##.# #(#
...........##.# #.#


You could see a hound.

Vanquished Creatures
  The ghost of Psiweapon the Slasher, an amateur MiGl (D:3)
  An ogre (D:4)
  Blork the orc (D:4)
  3 scorpions (D:4)
  A crimson imp (D:2)
  2 orc wizards (D:4)
  3 adders
  2 oozes
  2 worms
  6 leopard geckos
  4 orcs (D:4)
  2 ball pythons (D:3)
  A giant cockroach (D:2)
  5 goblins
  6 hobgoblins
  2 quokkas (D:3)
  7 bats
  2 frilled lizards (D:2)
  6 kobolds
  9 rats
66 creatures vanquished.

Vanquished Creatures (others)
  An orc (D:3)
1 creature vanquished.

Grand Total: 67 creatures vanquished

Notes
Turn   | Place    | Note
-------+----------+-------------------------------------------
     0 | D:1      | Cirk the High Elf Gladiator began the quest for the Orb.
     0 | D:1      | Reached XP level 1. HP: 14/14 MP: 2/2
   622 | D:1      | Reached XP level 2. HP: 20/20 MP: 3/3
   840 | D:1      | You fall through a shaft!
  1200 | D:2      | Reached skill level 4 in Long Blades
  1377 | D:2      | Reached XP level 3. HP: 4/25 MP: 4/4
  2685 | D:2      | Reached skill level 5 in Long Blades
  2685 | D:2      | Reached XP level 4. HP: 26/31 MP: 5/5
  2814 | D:3      | Found a white marble altar of Elyvilon.
  3357 | D:3      | Noticed Psiweapon's ghost (amateur MiGl)
  3368 | D:3      | Killed Psiweapon's ghost
  3368 | D:3      | Reached skill level 6 in Long Blades
  3368 | D:3      | Reached XP level 5. HP: 17/36 MP: 6/6
  3729 | D:4      | Noticed an ogre
  3737 | D:4      | Killed an ogre
  3737 | D:4      | Reached XP level 6. HP: 30/43 MP: 7/7
  3873 | D:4      | Reached skill level 5 in Dodging
  4606 | D:4      | Reached skill level 7 in Long Blades
  4618 | D:4      | Reached XP level 7. HP: 10/48 MP: 8/8
  4991 | D:4      | Found Vaudaq's General Store.
  5008 | D:4      | Bought a scroll of blinking for 97 gold pieces
  5029 | D:4      | Noticed Blork the orc
  5046 | D:4      | Killed Blork the orc
  5357 | D:3      | HP: 1/49 [hound (5)]
  5357 | D:3      | Slain by a hound

Vault maps used:
D:1:      dpeg_arrival_chase, kennysheep_crisscross
D:2:      first_bread
D:3:      elyvilon_altar_4
D:4:      serial_shops, nicolae_shop_crystal, minmay_fountain_box,
          uniq_blork_the_orc

Skill      XL: |  1  2  3  4  5  6 |
---------------+-------------------+-----
Long Blades    | 4 5 6 7 |  7.5
Fighting       | 3 4 |  4.3
Dodging        | 4 5 |  5.4
Throwing       | |  2.0

Action                   |  1- 3 |  4- 6 |  7- 9 || total
-------------------------+-------+-------+-------++-------
Melee: Long sword        |    99 |   110 |    26 ||   235
Throw: Throwing net      |     2 |     3 |       ||     5
Evoke: Wand              |       |     2 |       ||     2
  Use: Scroll            |     2 |     9 |       ||    11
       Potion            |       |     2 |       ||     2
 Stab: Sleeping          |     1 |     2 |       ||     3
       Held in net/web   |     2 |     2 |       ||     4
  Eat: Chunk             |     5 |     3 |       ||     8
       Bread ration      |       |     1 |       ||     1
Armor: Leather armour    |    23 |    19 |     6 ||    48
Dodge: Dodged            |    67 |    67 |    29 ||   163
       Rpst.: Long sword |    24 |    18 |    12 ||    54
